Map: [ESL] Ancient Cistern

Players

PtitDrogo

  • Race: Protoss Protoss
  • Spawn Location: 1:00

Creator - Winner!

  • Race: Protoss Protoss
  • Spawn Location: 7:00

Event: ESL SC2 Masters 2023 Summer (Finals)

VOD

Have the link to the VOD?

Description

Time

  • Played on: June 16, 2023, 10:21 a.m.
  • Length: 10:09

All games in this series

Show
View Real Time Build Order
Export as new Build Order

PtitDrogo Protoss 

Build Orders: Phoenix Opening 

Get SALT Encoding   

  12  0:00  Probe  
  13  0:12  Probe  
  14  0:17  Pylon  
  14  0:24  Probe (Chrono Boost)  
  15  0:36  Probe (Chrono Boost)  
  15  0:37  Gateway  
  16  0:44  Probe (Chrono Boost)  
  16  0:46  Assimilator  
  17  0:51  Probe  
  17  0:54  Assimilator  
  18  1:03  Probe (Chrono Boost)  
  19  1:07  Gateway  
  19  1:12  Probe (Chrono Boost)  
  19  1:17  Probe (Chrono Boost)  
  21  1:26  Cybernetics Core  
  21  1:29  Probe  
  22  1:35  Pylon  
  22  1:42  Probe  
  23  1:57  Probe  
  23  2:00  Warp Gate (Chrono Boost)  
  24  2:03  Stalker  
  24  2:08  Sentry  
  26  2:09  Probe  
  29  2:17  Pylon  
  29  2:21  Probe  
  30  2:25  Pylon  
  30  2:33  Probe  
  30  2:45  Phoenix  
  30  2:46  Nexus  
  30  2:52  Shield Battery  
  30  2:55  Probe  
  30  2:58  Sentry  
  33  3:01  Sentry  
  35  3:07  Probe  
  36  3:13  Twilight Council  
  36  3:19  Probe  
  37  3:21  Pylon  
  37  3:31  Probe  
  38  3:39  Shield Battery  
  38  3:41  Stalker  
  38  3:43  Probe  
  41  3:52  Shield Battery  
  41  3:55  Probe  
  41  4:01  Stalker  
  41  4:02  Blink (Chrono Boost)  
  44  4:04  Shield Battery  
  44  4:07  Stalker  
  44  4:08  Probe  
  44  4:10  Probe  
  43  4:20  Probe  
  43  4:22  Shield Battery  
  37  4:33  Stalker x2  
  37  4:34  Probe (Chrono Boost)  
  39  4:45  Probe (Chrono Boost)  
  37  4:52  Probe (Chrono Boost)  
  37  4:54  Probe (Chrono Boost)  
  37  4:59  Probe x2 (Chrono Boost)  
  39  5:02  Stalker  
  39  5:04  Stalker  
  44  5:10  Probe  
  44  5:11  Probe  
  46  5:22  Probe  
  46  5:24  Probe  
  46  5:27  Stalker x2  
  52  5:34  Probe  
  53  5:36  Probe  
  54  5:44  Pylon  
  54  5:46  Probe  
  54  5:48  Probe  
  56  5:56  Nexus  
  56  5:59  Probe  
  56  6:01  Probe  
  58  6:08  Stalker  
  58  6:11  Probe  
  61  6:13  Probe  
  61  6:14  Stalker  
  64  6:22  Assimilator  
  64  6:23  Probe  
  64  6:25  Probe  
  66  6:34  Shield Battery  
  58  6:42  Probe x2  
  58  6:46  Stalker x2  
  64  6:54  Probe x2  
  64  6:55  Forge  
  64  6:59  Pylon  
  66  7:04  Stalker  
  66  7:06  Probe x2  
  70  7:09  Stalker  
  70  7:14  Probe (Chrono Boost)  
  73  7:16  Gateway  
  73  7:19  Probe x2 (Chrono Boost)  
  75  7:24  Stalker  
  75  7:26  Probe (Chrono Boost)  
  75  7:28  Protoss Ground Weapons Level 1 (Chrono Boost)  
  79  7:31  Probe x2 (Chrono Boost)  
  79  7:35  Probe (Chrono Boost)  
  79  7:36  Probe x2 (Chrono Boost)  
  79  7:40  Probe  
  81  7:47  Probe  
  81  7:48  Stalker x2  
  85  7:53  Probe  
  85  7:54  Probe  
  85  7:56  Charge  
  85  7:58  Pylon  
  87  7:59  Probe  
  87  8:02  Gateway  
  87  8:05  Probe, Gateway  
  89  8:07  Probe  
  89  8:09  Templar Archives  
  89  8:12  Gateway  
  90  8:13  Pylon  
  90  8:14  Assimilator  
  90  8:19  Stalker x2  
  94  8:22  Robotics Facility  
  94  8:24  Pylon  
  94  8:32  Nexus  
  94  8:42  Pylon  
  94  8:43  Zealot x3  
  94  8:47  Probe x2  
  94  8:48  Probe  
  103  8:51  Shield Battery  
  103  8:55  Photon Cannon  
  103  8:58  Pylon  
  103  9:00  Gateway  
  103  9:01  Gateway  
  103  9:04  High Templar x3, Observer  
  103  9:05  High Templar  
  103  9:08  Archon  
  103  9:09  Archon  
  111  9:13  Probe x3  
  115  9:21  Gateway  
  115  9:24  Gateway  
  115  9:25  Probe  
  116  9:32  High Templar x2, Shield Battery  
  116  9:33  Probe, Pylon  
  116  9:37  Pylon  
  116  9:38  Archon  
  117  9:39  Gateway  
  117  9:44  Shield Battery  
  117  9:46  Zealot x4  
  117  9:51  Pylon  
  111  10:01  Zealot x2  
Show
View Real Time Build Order
Export as new Build Order

Creator Protoss - Winner!

Build Orders: Oracle Opening 

Get SALT Encoding   

  12  0:00  Probe  
  13  0:12  Probe  
  14  0:17  Pylon  
  14  0:24  Probe (Chrono Boost)  
  15  0:36  Probe (Chrono Boost)  
  15  0:37  Gateway  
  16  0:44  Probe (Chrono Boost)  
  16  0:47  Assimilator  
  17  0:51  Probe  
  18  0:59  Assimilator  
  18  1:03  Probe (Chrono Boost)  
  19  1:07  Gateway  
  19  1:13  Probe (Chrono Boost)  
  19  1:17  Probe (Chrono Boost)  
  20  1:24  Cybernetics Core  
  21  1:29  Probe  
  22  1:33  Pylon  
  22  1:41  Probe  
  23  1:53  Probe  
  24  2:00  Stalker  
  24  2:01  Warp Gate, Stalker  
  28  2:10  Pylon  
  28  2:23  Stargate  
  28  2:28  Pylon  
  28  2:37  Adept x2  
  32  2:46  Probe  
  33  3:01  Nexus  
  33  3:08  Oracle (Chrono Boost)  
  35  3:13  Probe  
  36  3:20  Pylon  
  36  3:25  Probe  
  37  3:37  Probe  
  37  3:40  Oracle  
  41  3:50  Probe  
  41  3:52  Adept x2  
  46  4:02  Probe  
  47  4:03  Twilight Council  
  47  4:14  Probe (Chrono Boost)  
  47  4:15  Probe (Chrono Boost)  
  49  4:25  Probe x2 (Chrono Boost)  
  49  4:31  Stalker x2  
  49  4:36  Blink (Chrono Boost)  
  53  4:38  Probe  
  53  4:40  Probe  
  53  4:42  Shield Battery  
  51  4:54  Probe x2  
  53  5:00  Gateway  
  53  5:05  Adept, Stalker  
  53  5:06  Probe x2  
  59  5:11  Pylon  
  59  5:16  Pylon  
  59  5:27  Nexus  
  59  5:28  Probe  
  59  5:29  Probe  
  59  5:30  Pylon  
  61  5:36  Stalker  
  61  5:39  Stalker  
  61  5:42  Probe  
  66  5:43  Probe  
  66  5:48  Forge  
  67  5:54  Assimilator  
  67  5:56  Stalker  
  69  5:58  Shield Battery  
  69  5:59  Probe x2  
  69  6:01  Sentry  
  73  6:05  Stalker  
  75  6:14  Probe x2  
  75  6:15  Pylon  
  75  6:18  Protoss Ground Weapons Level 1 (Chrono Boost)  
  77  6:19  Stalker  
  77  6:23  Phoenix  
  77  6:24  Photon Cannon  
  79  6:28  Stalker  
  79  6:29  Probe  
  79  6:31  Probe  
  83  6:39  Probe (Chrono Boost)  
  84  6:44  Probe (Chrono Boost), Pylon, Charge  
  84  6:45  Probe (Chrono Boost)  
  82  6:51  Probe (Chrono Boost)  
  85  6:54  Probe (Chrono Boost)  
  85  6:55  Photon Cannon  
  85  6:56  Probe (Chrono Boost)  
  85  6:57  Probe (Chrono Boost)  
  85  6:59  Probe (Chrono Boost)  
  87  7:02  Stalker  
  87  7:03  Stalker  
  87  7:05  Probe x2  
  87  7:07  Photon Cannon  
  93  7:12  Gateway  
  93  7:16  Gateway  
  93  7:18  Gateway  
  93  7:20  Pylon  
  93  7:29  Gateway x2  
  93  7:33  Pylon  
  93  7:37  Nexus  
  93  7:50  Pylon  
  93  7:53  Probe x3  
  93  7:54  Phoenix, Templar Archives  
  93  7:55  Gateway  
  93  7:56  Gateway  
  93  7:57  Zealot x2  
  100  7:59  Zealot, Protoss Ground Weapons Level 2 (Chrono Boost)  
  102  8:09  Assimilator  
  102  8:10  Shield Battery  
  102  8:11  Probe x2  
  102  8:12  Probe, Shield Battery  
  105  8:14  Photon Cannon  
  105  8:17  Stalker  
  107  8:22  Zealot  
  107  8:23  Zealot  
  111  8:29  Zealot x3  
  117  8:35  Zealot x2  
  117  8:36  Pylon  
  117  8:37  Pylon  
  121  8:47  Zealot x3  
  127  8:50  Zealot x2  
  127  8:55  Zealot x2  
  135  8:59  High Templar x3  
  141  9:07  Archon  
  141  9:08  High Templar, Zealot x2  
  147  9:11  Zealot x2  
  147  9:14  Pylon  
  147  9:15  Archon  
  147  9:16  Pylon  
  151  9:17  Pylon  
  151  9:18  Pylon  
  151  9:21  Stalker, Sentry  
  155  9:29  Zealot x2  
  157  9:32  Zealot x2, Robotics Facility  
  157  9:38  Zealot x3  
  167  9:42  Zealot  
  169  9:46  Stalker x2  
  169  9:49  Zealot x2  
  169  10:06  Zealot x3  
  169  10:07  Zealot x3  
Tags
 
Add a new tag
Caveats
  • Supply blocks, unpowered buildings, or Contaminate may cause inaccurate times.
  • Supply counts are checked every 10 seconds.